 Dungeon Crawl Stone Soup version 0.23.2-1-ga50397a (webtiles) character file.

Game seed: 4093475900048040189

117 Dharzhak the Ruffian (level 5, 0/46 HPs)
             Began as a Ghoul Monk on Apr 29, 2019.
             Slain by a centaur (9 damage)
             ... on level 3 of the Dungeon.
             The game lasted 00:09:51 (1983 turns).

Dharzhak the Ruffian (Ghoul Monk)                   Turns: 1983, Time: 00:09:51

Health: 0/46       AC:  4    Str: 15    XL:     5   Next: 1%
Magic:  4/4        EV: 12    Int:  6    God:
Gold:   57         SH:  0    Dex: 11    Spells: 4/4 levels left

rFire    . . .     SeeInvis .     - Unarmed
rCold    + . .     Gourm    .   (no shield)
rNeg     + + +     Faith    .   t - +0 leather armour
rPois    ∞         Spirit   .   q - +0 helmet
rElec    .         Reflect  .   (no cloak)
rCorr    .         Harm     .   (no gloves)
MR       .....                  (no boots)
Stlth    ++........             o - amulet of magic regeneration
HPRegen  0.00/turn              (no ring)
MPRegen  0.34/turn              (no ring)

@: rotting
A: rotting body, claws 1, carnivore, cold resistance 1, negative energy
resistance 3, inhibited regeneration, torment resistance, unbreathing
a: no special abilities


You were on level 3 of the Dungeon.
You were not hungry.

You visited 1 branch of the dungeon, and saw 3 of its levels.

You collected 57 gold pieces.

Inventory:

Armour
 a - a +0 robe
 q - a +0 helmet (worn)
 s - +0 ice dragon scales
 t - a +0 leather armour (worn)
Jewellery
 o - an amulet of magic regeneration (around neck)
Scrolls
 c - a scroll of fear {unknown}
 d - 4 scrolls of remove curse {unknown}
 e - 2 scrolls of blinking {unknown}
 g - 2 scrolls of identify {unknown}
 h - a scroll of magic mapping {unknown}
 i - a scroll of random uselessness {unknown}
 l - a scroll of fog {unknown}
 r - a scroll of enchant armour {unknown}
Potions
 j - a potion of magic {unknown}
 k - 3 potions of curing {unknown}
 m - a potion of cancellation {unknown}
 n - a potion of heal wounds {unknown}
 p - a potion of lignification {unknown}
 u - a potion of haste {unknown}
Comestibles
 b - 3 rations
 f - 3 chunks of flesh


   Skills:
 + Level 3.8 Fighting
 + Level 3.3 Dodging
 + Level 3.1 Stealth
 + Level 4.7 Unarmed Combat


You had 4 spell levels left.
You didn't know any spells.
Your spell library was empty.

Dungeon Overview and Level Annotations

Branches:
Dungeon (3/15)

Altars:
Nemelex Xobeh


Innate Abilities, Weirdness & Mutations

Your body is rotting away.
You thrive on raw meat.
You are immune to poison.
You have sharp fingernails.
You are carnivorous and can eat meat at any time.
Your flesh is cold resistant. (rC+)
You are immune to negative energy. (rN+++)
You do not regenerate when monsters are visible.
You are immune to unholy pain and torment.
You can survive without breathing.


Message History

The hobgoblin barely misses you.
You scratch the hobgoblin.
You kill the hobgoblin!
The centaur wields a +0 shortbow.
The centaur shoots an arrow.
The arrow hits you!
The centaur shoots an arrow.
The arrow misses you.
Things that are here:
a +0 war axe; 9 gold pieces The centaur shoots an arrow.
The arrow hits you.
* * * LOW HITPOINT WARNING * * *
You see here an arrow.
The centaur unwields a +0 shortbow.
The centaur closely misses you.
You completely miss the centaur.
The centaur hits you but does no damage.
The centaur hits you.
* * * LOW HITPOINT WARNING * * *
You claw the centaur!
The centaur is moderately wounded.
The centaur hits you!
You die...

#.# #.# #(# #.#
#.# ######(#
##...##)# ##
##.###.#(###...##
#########.##
##.@.......(
#........##
##c..#...##
.........# #..##
## ..##.###.##
#.## ..##. #..#
.)# ..#..# #.#.#
.#.# ..#..#
#.##.. ##'#
..#..###.# ###
... .....[...#


You could see a centaur.

Vanquished Creatures
  5 adders
  4 oozes
  2 worms
  A dart slug (D:1)
  5 bats (D:1)
  4 giant cockroaches
  5 goblins
  7 hobgoblins
  3 jackals (D:1)
  3 kobolds
  2 frilled lizards (D:1)
  5 rats
46 creatures vanquished.

Notes
Turn   | Place    | Note
-------+----------+-------------------------------------------
     0 | D:1      | Dharzhak the Ghoul Monk began the quest for the Orb.
     0 | D:1      | Reached XP level 1. HP: 19/19 MP: 0/0
   101 | D:1      | Reached XP level 2. HP: 25/26 MP: 1/1
   486 | D:1      | Reached XP level 3. HP: 16/33 MP: 2/2
  1047 | D:2      | Reached skill level 4 in Unarmed Combat
  1291 | D:2      | Reached XP level 4. HP: 40/40 MP: 3/3
  1292 | D:2      | Found a sparkling altar of Nemelex Xobeh.
  1932 | D:3      | Reached XP level 5. HP: 21/46 MP: 4/4
  1974 | D:3      | Noticed a centaur
  1983 | D:3      | Slain by a centaur

Skill      XL: |  1  2  3  4 |
---------------+-------------+-----
Dodging        | 3 |  3.3
Unarmed Combat | 4 |  4.7
Stealth        | 3 |  3.1
Fighting       | |  3.8

Action                   |  1- 3 |  4- 6 || total
-------------------------+-------+-------++-------
Melee: Unarmed           |   117 |    54 ||   171
       Punch             |     1 |     1 ||     2
 Stab: Sleeping          |     3 |     1 ||     4
  Eat: Chunk             |    14 |     8 ||    22
Armor: Robe              |    32 |    12 ||    44
       Leather armour    |       |     1 ||     1
Dodge: Dodged            |   104 |    40 ||   144
